 Dungeon Crawl Stone Soup version 0.30-a0-576-g89cddaab80 (webtiles) character file.

Game seed: 10893770006874744629

387 Shayle the Conjurer (level 6, -1/32 (37) HPs)
             Began as a Tengu Reaver on Dec 30, 2022.
             Slain by a scorpion (3 damage)
             ... on level 4 of the Dungeon.
             The game lasted 00:10:04 (3396 turns).

Shayle the Conjurer (Tengu Reaver)                  Turns: 3396, Time: 00:10:05

HP:   -1/32 (37)    AC:  3    Str: 12    XL:     6   Next: 78%
MP:   10/10         EV: 14    Int: 16    God:
Gold: 157           SH:  0    Dex: 12    Spells: 5/9 levels left

rFire   . . .      SeeInvis .    a - +1 short sword
rCold   . . .      Faith    .    (no shield)
rNeg    . . .      Spirit   .    b - +0 leather armour
rPois   .          Reflect  .    (helmet restricted)
rElec   .          Harm     .    (no cloak)
rCorr   .          Rampage  .    (no gloves)
Will    .....                    (boots unavailable)
Stlth   ++                       (no amulet)
HPRegen 0.25/turn                (no ring)
MPRegen 0.12/turn                (no ring)

@: lethally poisoned (-1 -> -9), flying quickly and evasively, heavily drained,
quick
A: beak, talons 3, nimble flight
a: no special abilities


You were on level 4 of the Dungeon.
You visited 1 branch of the dungeon, and saw 4 of its levels.

You collected 157 gold pieces.

Inventory:

Hand Weapons
 a - a +1 short sword (weapon)
 n - a +0 whip of distortion
Armour
 b - a +0 leather armour (worn)
 i - the +4 ring mail "Cyutt" {-Tele Fly Str+4 Dex+2}
   (You found it on level 3 of the Dungeon)

   Str:       It affects your strength (+4).
   Dex:       It affects your dexterity (+2).
   Fly:       It grants you flight.
   -Tele:     It prevents most forms of teleportation.
Jewellery
 l - an amulet of guardian spirit
Scrolls
 d - 2 scrolls of vulnerability
 f - a scroll of identify
 g - a scroll of amnesia
 h - a scroll of noise
Potions
 c - a potion of curing


   Skills:
 + Level 3.4 Fighting
 - Level 3.2 Short Blades
 + Level 3.7 Dodging
 - Level 2.0 Stealth
 + Level 2.3 Spellcasting
 - Level 4.0 Conjurations
 + Level 2.8 Necromancy
 + Level 1.2 Ice Magic
 + Level 1.6 Air Magic
 + Level 1.8 Earth Magic


You had 5 spell levels left.
You knew the following spells:

 Your Spells              Type           Power      Damage    Failure   Level
a - Kiss of Death         Conj/Necr      48%        2d9       6%          1
b - Hailstorm             Conj/Ice       10%        3d5       26%         3

Your spell library contained the following spells:

 Spells                   Type           Power      Damage    Failure   Level
 Static Discharge         Conj/Air       22%        2-3/arc   12%         2
 Momentum Strike          Conj/Tloc      16%        3d8       17%         2
 Dazzling Flash           Conj/Hex       16%        N/A       32%         3
 Ozocubu's Armour         Ice            5%         N/A       43%         3
 Vhi's Electric Charge    Tloc/Air       8%         N/A       47%         3
 Agony                    Necr           11%        N/A       91%         5
 Arcjolt                  Conj/Air       5%         1d15      91%         5
 Lightning Bolt           Conj/Air       5%         1d17      91%         5
 Metabolic Englaciation   Hex/Ice        1%         N/A       99%         5
 Silence                  Hex/Air        2%         N/A       99%         5
 Simulacrum               Ice/Necr       4%         N/A       100%        6


Dungeon Overview and Level Annotations

Branches:
Dungeon (4/15)
 Temple: D:4-7

Altars:
Cheibriados
Wu Jian

Shops:
D:1 *   D:3 :


Innate Abilities, Weirdness & Mutations

You have a beak for a mouth.
You have claws for feet.
Your magical nature lets you fly swiftly and evasively.


Message History

The scorpion is moderately wounded.
You feel sick. The scorpion barely misses you.
You barely miss the scorpion.
You peck the scorpion, but do no damage.
The scorpion is moderately wounded.
The scorpion barely misses you.
You hit the scorpion. Your kick misses the scorpion.
The scorpion is moderately wounded.
You feel sick. The scorpion barely misses you.
You feel much better.
You feel sick.
You are no longer poisoned.
The scorpion barely misses you.
You hit the scorpion but do no damage.
The scorpion is moderately wounded.
The scorpion misses you.
You hit the scorpion but do no damage. Your kick misses the scorpion.
You peck the scorpion.
The scorpion is heavily wounded.
The scorpion stings you.
You barely miss the scorpion.
The scorpion is heavily wounded.
The scorpion misses you.
You hit the scorpion but do no damage.
The scorpion is heavily wounded.
The scorpion stings you.
You are poisoned.
The scorpion poisons you!
You closely miss the scorpion.
The scorpion is heavily wounded.
You feel very sick. The scorpion stings you!
* * * LOW HITPOINT WARNING * * *
You hit the scorpion but do no damage.
You claw the scorpion, but do no damage.
Your peck misses the scorpion.
The scorpion is heavily wounded.
* * * LOW HITPOINT WARNING * * *
You feel very sick. The scorpion stings you.
You die...

#.#####.#
#.##....#
#.......# ##
#..#.##.# ..
#.......###.###
##.#........?..
#.####..##....
#.####).##..#.
#....@s.......
#.#.######....
# ... .. #


You could see a scorpion.

Vanquished Creatures
  Sigmund (D:3)
  Jessica (D:3)
  An iguana (D:4)
  3 gnolls
  8 adders
  3 worms (D:2)
  2 dart slugs
  3 orcs (D:3)
  5 ball pythons
  5 endoplasms
  3 giant cockroaches
  5 goblins
  4 hobgoblins
  10 bats
  7 frilled lizards
  6 kobolds
  3 rats
70 creatures vanquished.

Vanquished Creatures (others)
  2 fungi (D:2)
  15 plants (D:2)
17 creatures vanquished.

Grand Total: 87 creatures vanquished

Notes
Turn   | Place    | Note
-------+----------+-------------------------------------------
     0 | D:1      | Shayle the Tengu Reaver began the quest for the Orb.
     0 | D:1      | Reached XP level 1. HP: 12/12 MP: 4/4
   295 | D:1      | Reached XP level 2. HP: 17/17 MP: 6/6
   370 | D:1      | Found Urufaf's General Store.
  1038 | D:2      | Reached skill level 1 in Stealth
  1038 | D:2      | Reached skill level 1 in Necromancy
  1117 | D:2      | Reached XP level 3. HP: 18/22 MP: 7/7
  1321 | D:2      | Reached XP level 4. HP: 19/27 MP: 8/8
  1584 | D:2      | Reached skill level 1 in Earth Magic
  1795 | D:3      | Noticed Sigmund
  1799 | D:3      | Found a snail-covered altar of Cheibriados.
  1811 | D:2      | HP: 1/27 [gnoll/+0 whip (8)]
  2085 | D:2      | Found a faded altar of an unknown god.
  2533 | D:3      | Noticed Jessica
  2539 | D:3      | Killed Jessica
  2540 | D:3      | Gained mutation: Your magical nature lets you fly swiftly
                  | and evasively. [Tengu growth]
  2540 | D:3      | Reached XP level 5. HP: 22/32 MP: 9/9
  2585 | D:3      | Learned a level 3 spell: Hailstorm
  2721 | D:3      | Found Xejiobb's Book Boutique.
  2912 | D:3      | Killed Sigmund
  2913 | D:3      | Reached skill level 1 in Ice Magic
  2913 | D:3      | Reached skill level 1 in Air Magic
  2913 | D:3      | Reached XP level 6. HP: 19/37 MP: 10/10
  3066 | D:3      | Identified the +4 ring mail "Cyutt" {-Tele Fly Str+4 Dex+2}
  3276 | D:4      | Found an ornate altar of the Wu Jian Council.
  3396 | D:4      | Slain by a scorpion

Illustrated notes

Levels and vault maps discovered:
D:1:      amcnicky_arrival_blooded_trapdoor, layout_basic, serial_shops, shop
D:2:      layout_basic, shapermc_ecumenical_altar_hornbeckon,
          serial_bayou_pond_c
D:3:      layout_rooms, cheibriados_altar_1, serial_shops, shop,
          minmay_quantized, uniq_jessica, uniq_sigmund
D:4:      layout_loops_cross, amcnicky_altar_gilded,
          mainiacjoe_overflow_concentric_impassable, gup_sewer_entry_bowl,
          chequers_mini_garden, uniq_crazy_yiuf_cottage

Skill      XL: |  1  2  3  4  5 |
---------------+----------------+-----
Stealth        | 1 2 |  2.0
Necromancy     | 1 2 |  2.8
Earth Magic    | 1 |  1.8
Dodging        | 3 |  3.7
Fighting       | 3 |  3.4
Ice Magic      | 1 |  1.2
Air Magic      | 1 |  1.6
Short Blades   | |  3.2
Spellcasting   | |  2.3
Conjurations   | |  4.0

Action                   |  1- 3 |  4- 6 || total
-------------------------+-------+-------++-------
Melee: Short sword       |    89 |   175 ||   264
       Kick              |    23 |    34 ||    57
       Peck              |    14 |    27 ||    41
       Punch             |     1 |     1 ||     2
Throw: Throwing net      |       |     1 ||     1
 Cast: Kiss of Death     |       |     2 ||     2
  Use: Potion            |     1 |     4 ||     5
       Scroll            |       |     8 ||     8
 Stab: Sleeping          |     1 |     2 ||     3
Armor: Leather armour    |    18 |    24 ||    42
       Skin              |       |     7 ||     7
Dodge: Dodged            |    56 |   107 ||   163

Table legend: (Time is in decaauts)
 A = Elapsed time spent in this place.
 B = Non-inter-level travel time spent in this place.
 C = Inter-level travel time spent in this place.
 D = Time resting spent in this place.
 E = Time spent auto-exploring this place.
 F = Levels seen in this place.
 G = Mean time per level.
                   A        B        C        D        E       F      G
               +--------+--------+--------+--------+--------+-----+--------+
         Total |   3317 |   3076 |    241 |    353 |   1901 |   4 |  829.2 |
       Dungeon |   3317 |   3076 |    241 |    353 |   1901 |   4 |  829.2 |
               +--------+--------+--------+--------+--------+-----+--------+

Top non-repeatable levels by time:
     D:2: 1479 daAuts
     D:1: 967 daAuts
     D:3: 756 daAuts
     D:4: 114 daAuts
